 Dungeon Crawl Stone Soup version 0.28-a0-1518-gbe868bca14 (webtiles) character file.

Game seed: 10178750847473425588

4 comborobin the Sneak (level 1, -2/18 HPs)
             Began as a Draconian Brigand on Jan 16, 2022.
             Frozen to death by an endoplasm (3 damage)
             ... on level 1 of the Dungeon.
             The game lasted 00:00:14 (60 turns).

comborobin the Sneak (Draconian Brigand)              Turns: 60, Time: 00:00:14

Health: -2/18      AC:  5    Str: 13    XL:     1   Next: 50%
Magic:  1/1        EV: 11    Int: 11    God:
Gold:   0          SH:  0    Dex: 12    Spells: 0/0 levels left

rFire   . . .      SeeInvis .   a - +2 dagger
rCold   . . .      Faith    .   (no shield)
rNeg    . . .      Spirit   .   (armour unavailable)
rPois   .          Reflect  .   (helmet restricted)
rElec   .          Harm     .   b - +0 cloak
rCorr   .          Rampage  .   (no gloves)
Will    .....                   (no boots)
Stlth   ++........              (no amulet)
HPRegen 0.06/turn               (no ring)
MPRegen 0.07/turn               (no ring)

@: slowed, very slow
A: AC +4, unfitting armour, cold-blooded
a: no special abilities


You were on level 1 of the Dungeon.
You visited 1 branch of the dungeon, and saw 1 of its levels.

Inventory:

Hand Weapons
 a - a +2 dagger (weapon)
Missiles
 c - 8 poisoned darts (quivered)
 d - 2 curare-tipped darts
Armour
 b - a +0 cloak (worn)
Potions
 e - 3 potions of curing {unknown}


   Skills:
 + Level 2.3 Fighting
 - Level 2.0 Short Blades
 - Level 1.7 Throwing
 + Level 1.1 Dodging
 - Level 3.6 Stealth
 + Level 0.3 Unarmed Combat


You couldn't memorise any spells.
You didn't know any spells.
Your spell library was empty.

Dungeon Overview and Level Annotations

Branches:
Dungeon (1/15)

Altars:


Innate Abilities, Weirdness & Mutations

Your plain brown scales are hard. (AC +4)
You cannot fit into any form of body armour.
You are cold-blooded and may be slowed by cold attacks.


Message History

The jackal is heavily wounded.
The jackal bites you but does no damage.
The jackal bites you.
The jackal bites you but does no damage.
You barely miss the jackal.
The jackal is heavily wounded.
The jackal bites you but does no damage. x2
You barely miss the jackal.
The jackal is heavily wounded.
The jackal bites you but does no damage.
The jackal bites you.
You hit the jackal but do no damage.
The jackal is heavily wounded.
The jackal bites you.
* * * LOW HITPOINT WARNING * * *
The jackal bites you but does no damage. x2
You completely miss the jackal.
You tail-slap the jackal, but do no damage.
The jackal is heavily wounded.
The jackal bites you but does no damage. x3
You barely miss the jackal.
The jackal is heavily wounded.
The jackal bites you but does no damage. x2
You closely miss the jackal.
The jackal is heavily wounded.
The jackal closely misses you. The jackal barely misses you.
You hit the jackal.
You kill the jackal!
You hit the jackal.
The jackal is almost dead.
The jackal closely misses you. The endoplasm freezes you.
You are frozen.
* * * LOW HITPOINT WARNING * * *
You feel yourself slow down. The jackal closely misses you.
You closely miss the jackal. You tail-slap the jackal.
You kill the jackal!
The endoplasm freezes you.
You are frozen.
You die...

.......# #......#
######## #......#
#.#..... #......#
#....... #...b..
##...... .Jh.
#......
#J##########......
#@†..........>....
##########.##.....
#.....### #.....#
#.....# #.....#
#.....# #.<...#
#>....#


You could see 2 endoplasms, a jackal and a bat.

Vanquished Creatures
  A goblin (D:1)
  3 jackals (D:1)
4 creatures vanquished.

Notes
Turn   | Place    | Note
-------+----------+-------------------------------------------
     0 | D:1      | comborobin the Draconian Brigand began the quest for the
                  | Orb.
     0 | D:1      | Reached XP level 1. HP: 17/17 MP: 1/1
    47 | D:1      | Reached skill level 1 in Dodging
    60 | D:1      | Frozen to death by an endoplasm

Illustrated notes

Levels and vault maps discovered:
D:1:      dpeg_arrival_connections, layout_basic,
          shapermc_ecumenical_altar_rom_forum, chequers_garden,
          corexii_hall_statues_i

Skill      XL: |  1 |
---------------+----+-----
Dodging        | 1 |  1.1
Fighting       | |  2.3
Short Blades   | |  2.0
Throwing       | |  1.7
Stealth        | |  3.6
Unarmed Combat | |  0.3

Action                   || total
-------------------------++-------
Melee: Dagger            ||    27
       Tailslap          ||     5
       Punch             ||     1
Armor: Skin              ||    19
Dodge: Dodged            ||    24

Table legend: (Time is in decaauts)
 A = Elapsed time spent in this place.
 B = Non-inter-level travel time spent in this place.
 C = Inter-level travel time spent in this place.
 D = Time resting spent in this place.
 E = Time spent auto-exploring this place.
 F = Levels seen in this place.
 G = Mean time per level.
                   A        B        C        D        E       F      G
               +--------+--------+--------+--------+--------+-----+--------+
         Total |     57 |     57 |      0 |      0 |     26 |   1 |   57.0 |
       Dungeon |     57 |     57 |      0 |      0 |     26 |   1 |   57.0 |
               +--------+--------+--------+--------+--------+-----+--------+

Top non-repeatable levels by time:
     D:1: 57 daAuts
